 Dungeon Sprint DCSS version 0.29.1-15-g9cfb28693d (webtiles) character file.

Game seed: 6550824798212730167

21365 Groucho the Timeless (level 12, -4/85 HPs)
             Began as a Gargoyle Fighter on Apr 7, 2023.
             Was a High Priest of Cheibriados.
             Slain by a deep troll shaman (18 damage)
             ... in the Dungeon (Sprint IX: "|||||||||||||||||||||||||||||").
             The game lasted 00:08:23 (3497 turns).

Groucho the Timeless (Gargoyle Fighter)             Turns: 3497, Time: 00:08:23

Health: -4/85      AC: 35    Str: 35    XL:     12   Next: 89%
Magic:  23/23      EV: 17    Int: 23    God:    Cheibriados [*****.]
Gold:   1940       SH: 10    Dex: 30    Spells: 11/11 levels left

rFire   . . .      SeeInvis .   m - +3 war axe (vorpal)
rCold   . . .      Faith    .   c - +0 buckler
rNeg    + . .      Spirit   .   A - +2 plate armour
rPois   ∞          Reflect  .   z - +1 helmet
rElec   +          Harm     .   a - +0 cloak
rCorr   .          Rampage  .   (no gloves)
Will    .....      NoTele   +   b - +0 pair of boots
Stlth   ..........              (no amulet)
HPRegen 0.24/turn               o - +2 ring of protection
MPRegen 0.18/turn               p - +3 ring of dexterity

@: very slow
A: sickness immunity, AC +8, negative energy resistance 1, electricity
resistance, torment resistance 1, petrification resistance
a: Renounce Religion, Bend Time, Temporal Distortion, Slouch, Step From Time


You were in the Dungeon.
You worshipped Cheibriados.
Cheibriados was extremely pleased with you.
You visited 1 branch You collected 1940 gold pieces.

Inventory:

Hand Weapons
 l - a +2 vorpal morningstar
 m - a +3 vorpal war axe (weapon)
Missiles
 v - 6 boomerangs (quivered)
Armour
 a - a +0 cloak (worn)
 b - a +0 pair of boots (worn)
 c - a +0 buckler (worn)
 z - a +1 helmet (worn)
 A - a +2 plate armour (worn)
Jewellery
 o - a +2 ring of protection (left hand)
 p - a +3 ring of dexterity (right hand)
 w - a ring of ice
 x - a ring of ice
 y - a ring of magical power
Wands
 k - a wand of light (10)
 u - a wand of polymorph (9)
Scrolls
 i - 2 scrolls of amnesia
 j - 4 scrolls of blinking
 q - 2 scrolls of fear
 r - 2 scrolls of identify
 s - 4 scrolls of enchant armour
 t - 2 scrolls of enchant weapon
Potions
 d - 3 potions of brilliance
 f - a potion of berserk rage
 g - 5 potions of curing
 h - 3 potions of magic
 n - a potion of might


   Skills:
 + Level 14.0 Fighting
 * Level 15.5 Axes
 + Level 5.5 Throwing
 + Level 14.0 Armour
 + Level 9.5 Dodging
 + Level 14.0 Shields
 + Level 15.9 Invocations


You had 11 spell levels left.
You didn't know any spells.
Your spell library was empty.

Dungeon Overview and Level Annotations

Branches:
Dungeon (1/1)

Altars:
Cheibriados
Dithmenos
Elyvilon
Fedhas
Gozag
Hepliaklqana
Kikubaaqudgha
Makhleb
Nemelex Xobeh
Okawaru
Qazlal
Ru
Sif Muna
Trog
Uskayaw
Vehumet
Wu Jian
Xom
Yredelemnul
Zin
The Shining One
Jiyva
Lugonu

Shops:
D (:*:


Innate Abilities, Weirdness & Mutations

You are immune to sickness and miasma.
Your stone body is resilient. (AC +8)
You are immune to poison.
You resist negative energy. (rN+)
You are resistant to electric shocks. (rElec)
You are resistant to unholy torment.
You are immune to petrification.


Message History

You kill the frost giant!
Cheibriados thoroughly appreciates the change of pace.
Cheibriados raises the support of your attributes as your movement slows.
Your Fighting skill increases to level 14!
Your Armour skill increases to level 14!
Your Shields skill increases to level 14!
Unknown command.
The deep troll shaman calls upon its god to speed up the deep troll shaman.
The deep troll shaman seems to speed up.
Unknown command.
You slash the deep troll shaman!
You kill the deep troll shaman!
The deep troll shaman's corpse shimmers and vanishes!
The deep troll shaman misses you.
You block the deep troll shaman's attack.
The deep troll shaman claws you but does no damage.
The rakshasa hits you but does no damage.
The deep troll shaman bites you but does no damage.
The deep troll shaman claws you but does no damage.
The deep troll shaman claws you!
Items here: ) [ ††.
You closely miss the deep troll shaman.
The deep troll shaman is moderately wounded.
The deep troll shaman misses you. The deep troll shaman claws you!
* * * LOW HITPOINT WARNING * * *
The deep troll shaman claws you but does no damage.
The rakshasa closely misses you.
Unknown command.
You feel much better.
The deep troll shaman bites you but does no damage.
The deep troll shaman claws you!
* * * LOW HITPOINT WARNING * * *
The deep troll shaman barely misses you.
The rakshasa hits you from afar with a +0 trident!
* * * LOW HITPOINT WARNING * * *
Magic courses through your body.
The deep troll shaman closely misses you.
You block the deep troll shaman's attack.
The deep troll shaman claws you!!
You die...

.††....†...'†.......[)))'..[.[[..
▓▓▓▓▓▓▓▓▓▓▓▓▓▓▓▓▓▓▓▓▓▓▓▓▓▓▓▓▓▓▓▓▓
............................)....
▓▓▓▓▓▓▓▓▓▓▓▓▓▓▓▓▓▓▓▓▓▓▓▓▓▓▓▓▓▓▓▓▓
))))..).)['))..)∩.∩.∩.∩)....'....
▓▓▓▓▓▓▓▓▓▓▓▓▓▓▓▓▓▓▓▓▓▓▓▓▓▓▓▓▓▓▓▓▓
...................).............
▓▓▓▓▓▓▓▓▓▓▓▓▓▓▓▓▓▓▓▓▓▓▓▓▓▓▓▓▓▓▓▓▓
[[[.........'()[@TR.....
▓▓▓▓▓▓▓▓▓▓▓▓▓▓▓▓▓▓▓▓▓▓▓▓


You could see a rakshasa and a deep troll shaman (strong).

Vanquished Creatures
  A frost giant (D)
  A fire dragon (D)
  A catoblepas (D)
  A hydra (D)
  Harold (D)
  A spriggan air mage (D)
  A boulder beetle (D)
  A centaur warrior (D)
  A deep troll shaman (D)
  4 orc high priests (D)
  A flayed ghost (D)
  3 orc knights (D)
  A cyclops (D)
  4 orc sorcerers (D)
  An ugly thing (D)
  3 manticores (D)
  An elephant (D)
  Maurice (D)
  2 black mambas (D)
  4 cane toads (D)
  Psyche (D)
  A komodo dragon (D)
  An efreet (D)
  A yaktaur (D)
  4 polar bears (D)
  A troll (D)
  2 tyrant leeches (D)
  A slime creature (D)
  2 blink frogs (D)
  A wyvern (D)
  A culicivora (shapeshifter) (D)
  2 vampires (D)
  A wraith (D)
  2 vampire mosquitoes (D)
  4 water moccasins (D)
  A black bear (D)
  10 orc warriors (D)
  2 centaurs (D)
  A bullfrog (D)
  A scorpion (D)
  A jelly (D)
  3 orc priests (D)
  An orc wizard (D)
  A dart slug (D)
  17 orcs (D)
  An endoplasm (D)
  A hobgoblin (D)
  A quokka (D)
  A kobold (D)
  A rat (D)
102 creatures vanquished.

Notes
Turn   | Place    | Note
-------+----------+-------------------------------------------
     0 | D        | Groucho the Gargoyle Fighter began the quest for the Orb.
     0 | D        | Reached XP level 1. HP: 14/14 MP: 1/1
   392 | D        | Noticed a scorpion
   392 | D        | Noticed a black bear
   392 | D        | Noticed a jelly
   406 | D        | Killed a scorpion
   407 | D        | Reached skill level 5 in Fighting
   407 | D        | Reached skill level 5 in Armour
   407 | D        | Reached skill level 5 in Shields
   407 | D        | Reached XP level 2. HP: 13/21 MP: 2/2
   407 | D        | Reached XP level 3. HP: 17/26 MP: 3/3
   407 | D        | Reached XP level 4. HP: 20/31 MP: 4/4
   412 | D        | Killed a black bear
   413 | D        | Reached skill level 5 in Axes
   413 | D        | Reached XP level 5. HP: 36/37 MP: 5/5
   816 | D        | Found a snail-covered altar of Cheibriados.
   816 | D        | Found a shadowy altar of Dithmenos.
   816 | D        | Found a white marble altar of Elyvilon.
   816 | D        | Found a blossoming altar of Fedhas.
   816 | D        | Found an opulent altar of Gozag.
   817 | D        | Found a hazy altar of Hepliaklqana.
   818 | D        | Found a viscous altar of Jiyva.
   819 | D        | Found an ancient bone altar of Kikubaaqudgha.
   820 | D        | Became a worshipper of Cheibriados the Contemplative
   821 | D        | Found a corrupted altar of Lugonu.
   822 | D        | Found a burning altar of Makhleb.
   823 | D        | Found a sparkling altar of Nemelex Xobeh.
   824 | D        | Found an iron altar of Okawaru.
   825 | D        | Found a stormy altar of Qazlal.
   826 | D        | Found a sacrificial altar of Ru.
   827 | D        | Found a shimmering blue altar of Sif Muna.
   828 | D        | Found a bloodstained altar of Trog.
   829 | D        | Found a hide-covered altar of Uskayaw.
   830 | D        | Found a radiant altar of Vehumet.
   831 | D        | Found an ornate altar of the Wu Jian Council.
   832 | D        | Found a shimmering altar of Xom.
   833 | D        | Found a basalt altar of Yredelemnul.
   834 | D        | Found a glowing silver altar of Zin.
   835 | D        | Found a glowing golden altar of the Shining One.
   882 | D        | Noticed a vampire
   882 | D        | Noticed an orc warrior
   882 | D        | Noticed a vampire
   882 | D        | Noticed a troll
   882 | D        | Noticed an orc warrior
   888 | D        | Killed a vampire
   889 | D        | Reached XP level 6. HP: 19/44 MP: 5/8
   897 | D        | Reached * piety under Cheibriados
   900 | D        | Killed an orc warrior
   901 | D        | Reached XP level 7. HP: 42/48 MP: 6/10
   904 | D        | Killed a vampire
   904 | D        | Reached ** piety under Cheibriados
   905 | D        | Reached skill level 5 in Invocations
   915 | D        | Killed a troll
   918 | D        | Reached *** piety under Cheibriados
   919 | D        | Reached XP level 8. HP: 47/55 MP: 9/13
   925 | D        | Noticed a centaur warrior
   925 | D        | Noticed a slime creature
   925 | D        | Noticed a wraith
   925 | D        | Noticed a manticore
   931 | D        | Killed a centaur warrior
   941 | D        | Killed a slime creature
   942 | D        | Reached XP level 9. HP: 26/61 MP: 12/15
   945 | D        | Reached **** piety under Cheibriados
   951 | D        | Killed a manticore
   952 | D        | Reached skill level 10 in Axes
   952 | D        | Reached skill level 5 in Dodging
   952 | D        | Reached skill level 10 in Invocations
  1611 | D        | Noticed a black mamba
  1611 | D        | Noticed a cane toad
  1611 | D        | Noticed a polar bear
  1611 | D        | Noticed a komodo dragon
  1613 | D        | Noticed a polar bear
  1622 | D        | Killed a black mamba
  1623 | D        | Reached skill level 10 in Fighting
  1623 | D        | Reached skill level 10 in Armour
  1623 | D        | Reached skill level 10 in Shields
  1627 | D        | Noticed an elephant
  1630 | D        | Killed a cane toad
  1632 | D        | Reached ***** piety under Cheibriados
  1634 | D        | Killed a polar bear
  1634 | D        | Killed a komodo dragon
  1634 | D        | Killed a polar bear
  1635 | D        | Reached XP level 10. HP: 43/68 MP: 1/18
  1636 | D        | Killed an elephant
  1956 | D        | Noticed a black mamba
  1956 | D        | Noticed a five-headed hydra
  1956 | D        | Noticed a catoblepas
  1957 | D        | Killed a black mamba
  1960 | D        | Noticed a cane toad
  1966 | D        | Killed an 11-headed hydra
  1974 | D        | Killed a catoblepas
  1979 | D        | Killed a cane toad
  1980 | D        | Reached XP level 11. HP: 53/74 MP: 6/20
  2054 | D        | Reached ****** piety under Cheibriados
  2169 | D        | Noticed Maurice
  2179 | D        | Killed Maurice
  2253 | D        | Noticed an orc high priest
  2257 | D        | Noticed a sixfirhy
  2257 | D        | Killed an orc high priest
  2331 | D        | Noticed an orc sorcerer
  2343 | D        | Killed an orc sorcerer
  2396 | D        | Found Quriones's Antique Weapon Emporium.
  2396 | D        | Noticed an orc sorcerer
  2396 | D        | Noticed an orc high priest
  2396 | D        | Noticed an orc knight
  2397 | D        | Noticed an orc knight
  2401 | D        | Killed an orc sorcerer
  2402 | D        | Killed an orc knight
  2402 | D        | Noticed an orc knight
  2403 | D        | Reached skill level 1 in Throwing
  2403 | D        | Killed an orc high priest
  2404 | D        | Killed an orc knight
  2427 | D        | Noticed an orc high priest
  2431 | D        | Killed an orc knight
  2436 | D        | Killed an orc high priest
  2437 | D        | Reached skill level 15 in Invocations
  2437 | D        | Reached XP level 12. HP: 34/82 MP: 3/23
  2508 | D        | Noticed an orc high priest
  2516 | D        | Killed an orc high priest
  2864 | D        | Found Zofruc's Book Shoppe.
  2868 | D        | Found Ziahoelu's Assorted Antiques.
  2872 | D        | Found Xoaqid's Book Shoppe.
  3168 | D        | Noticed Harold
  3178 | D        | Killed Harold
  3224 | D        | Noticed Psyche
  3232 | D        | Killed Psyche
  3438 | D        | Noticed a boulder beetle
  3445 | D        | Killed a boulder beetle
  3460 | D        | Reached skill level 15 in Axes
  3461 | D        | Noticed a fire dragon
  3464 | D        | Noticed a deep troll shaman
  3465 | D        | Noticed a spriggan air mage
  3467 | D        | Noticed a frost giant
  3468 | D        | Noticed a deep troll shaman
  3469 | D        | Killed a fire dragon
  3470 | D        | Reached skill level 5 in Throwing
  3477 | D        | Killed a deep troll shaman
  3480 | D        | Killed a spriggan air mage
  3488 | D        | Noticed a rakshasa
  3491 | D        | Killed a frost giant
  3497 | D        | Slain by a deep troll shaman

Illustrated notes

Levels and vault maps discovered:
D:        linesprint [early_d, line_temple, items_1, d_10, items_2, lair_1,
          lair_end, items_3, orc_1, orc_end, items_4, d_15, swamp_1, shoals_1,
          snake_1, spider_1, d_20, vaults_1, items_5, swamp_end, shoals_end,
          snake_end, spider_end, vaults_end, d_27, items_6, zot_1, zot_end,
          crypt_end, forest_end, elf_end, slime_end, tomb_end, abyss_end,
          pan_hell_end]

Skill      XL: |  1  2  3  4  5  6  7  8  9 10 11 12 |
---------------+-------------------------------------+-----
Axes           | 3 5 6 8 9 11 12 14 15 | 15.5
Fighting       | 5 6 7 8 9 10 11 12 14 | 14.0
Armour         | 5 6 7 8 9 10 11 12 14 | 14.0
Shields        | 5 6 7 8 9 10 11 12 14 | 14.0
Dodging        | 2 3 4 6 8 9 |  9.5
Invocations    | 3 4 7 9 11 13 15 | 15.9
Throwing       | 2 5 |  5.5

Action                   |  1- 3 |  4- 6 |  7- 9 | 10-12 || total
-------------------------+-------+-------+-------+-------++-------
Melee: War axe           |    35 |    24 |    55 |   159 ||   273
Throw: Boomerang         |       |       |       |    35 ||    35
Invok: Slouch            |       |       |     5 |    27 ||    32
  Use: Potion            |     2 |     4 |     4 |     4 ||    14
 Stab: Invisible         |       |     1 |     2 |       ||     3
       Petrified         |       |       |       |     4 ||     4
Armor: Scale mail        |    10 |     3 |       |       ||    13
       Plate armour      |       |    10 |    40 |    89 ||   139
Dodge: Dodged            |    18 |     6 |    32 |    83 ||   139
Block: Buckler           |     3 |     8 |    29 |    59 ||    99
